 Dungeon Crawl Stone Soup version 0.31.0-12-g77e489cdc1 (webtiles) character file.

Game seed: 16106035085641654216

893 Curundu the Cleaver (level 7, -1/63 HPs)
             Began as a Minotaur Berserker on Feb 19, 2024.
             Was a Priest of Trog.
             Slain by a two-headed ogre
             ... wielding a +0 giant club
              (10 damage)
             ... on level 5 of the Dungeon.
             The game lasted 00:10:08 (3395 turns).

Curundu the Cleaver (Minotaur Berserker)            Turns: 3395, Time: 00:10:09

Health: -1/63      AC: 10    Str: 23    XL:     7   Next: 78%
Magic:  6/6        EV:  9    Int:  4    God:    Trog [***...]
Gold:   104        SH:  0    Dex: 10    Spells: 6/6 levels left

rFire   . . .        o - +0 war axe
rCold   . . .        (no shield)
rNeg    . . .        q - +0 chain mail
rPois   .            (helmet restricted)
rElec   .            (no cloak)
rCorr   .            a - +0 pair of gloves
SInv    .            (no boots)
Will    ++...        (no amulet) Stlth
                     (no ring)
HPRegen 1.30/turn    (no ring)
MPRegen 0.10/turn

%: no passive effects
@: strong-willed, regenerating
A: horns 2, retaliatory headbutt
a: Renounce Religion, Berserk, Trog's Hand


You were on level 5 of the Dungeon.
You worshipped Trog.
Trog was most pleased with you.
You visited 1 branch of the dungeon, and saw 5 of its levels.

You collected 104 gold pieces.

Inventory:

Hand Weapons
 o - a +0 war axe (weapon)
Armour
 a - a +0 pair of gloves (worn)
 q - a +0 chain mail (worn)
Wands
 s - a wand of polymorph (11)
Scrolls
 g - 5 scrolls of teleportation {unknown}
 i - a scroll of acquirement {unknown}
 j - a scroll of enchant armour {unknown}
 k - a scroll of silence {unknown}
 l - 2 scrolls of identify {unknown}
 m - 2 scrolls of fear {unknown}
 n - a scroll of immolation {unknown}
 r - a scroll of poison {unknown}
Potions
 b - a potion of invisibility {unknown}
 c - a potion of attraction {unknown}
 d - 7 potions of curing {unknown}
 e - 3 potions of might {unknown}
 f - 2 potions of heal wounds {unknown}
 h - a potion of brilliance {unknown}
 p - a potion of enlightenment {unknown}


   Skills:
 + Level 6.0 Fighting
 + Level 8.1 Axes
 + Level 4.5 Armour
 + Level 4.4 Dodging
 + Level 1.0 Stealth


You had 6 spell levels left.
You didn't know any spells.
Your spell library was empty.

Dungeon Overview and Level Annotations

Branches:
Dungeon (5/15)
 Temple: D:4-7

Altars:

Shops:
D:1 :   D:2 :

Annotations:
D:2 2 transporters


Innate Abilities, Weirdness & Mutations

You have a pair of horns on your head.
You reflexively headbutt those who attack you in melee.


Message History

An orc wizard comes into view. It is wielding a +0 dagger.
The orc wizard shouts!
The orc wizard casts a spell.
The orc wizard flickers and vanishes!
Deactivating autopickup; reactivate with Ctrl-A.
You hear two shouts!
Your skin crawls.
You feel strong-willed.
You hear a shout! x2
An orc comes into view. It is wielding a +0 mace.
The orc shouts!
A two-headed ogre comes into view. It is wielding two +0 giant clubs.
You closely miss the orc. The orc barely misses you.
You closely miss the orc. The orc closely misses you.
An orc priest comes into view. It is wielding a +0 flail.
You hit the orc. You headbutt the orc.
The orc is almost dead.
The orc hits you but does no damage.
You slash the orc!
You kill the orc!
Trog accepts your kill.
You hit the two-headed ogre.
Your headbutt misses the two-headed ogre.
The two-headed ogre is lightly wounded.
The two-headed ogre hits you with a +0 giant club! x2
You hit the two-headed ogre. You punch the two-headed ogre.
The two-headed ogre is lightly wounded.
You hit the two-headed ogre.
The two-headed ogre is moderately wounded.
The two-headed ogre barely misses you. The two-headed ogre closely misses you.
You hit the two-headed ogre.
The two-headed ogre is moderately wounded.
The two-headed ogre hits you with a +0 giant club!!
The two-headed ogre barely misses you.
You slash the two-headed ogre!
The two-headed ogre is heavily wounded.
The two-headed ogre hits you with a +0 giant club!
* * * LOW HITPOINT WARNING * * *
The two-headed ogre hits you with a +0 giant club!
You die...

######### #.......# ##
#.......# #. #.......#
#. #.......###.
##.##########........#..
...oo.O@....'...........
##.##########........#..
########........#..
................#..
..................#
.###########....###
.......†...†.
####....#### #....+


You could see a two-headed ogre, an orc priest and an orc.

Vanquished Creatures
  Sigmund (D:2)
  A water moccasin (D:5)
  2 phantoms (D:4)
  3 scorpions
  A jelly (D:3)
  2 hounds (D:4)
  Terence (D:2)
  Robin (D:4)
  7 adders
  5 dart slugs
  A ribbon worm (D:3)
  12 orcs
  10 ball pythons
  6 endoplasms
  5 giant cockroaches
  14 goblins
  7 hobgoblins
  3 jackals (D:4)
  3 quokkas
  5 bats
  2 frilled lizards
  8 kobolds
  3 rats
103 creatures vanquished.

Notes
Turn   | Place    | Note
-------+----------+-------------------------------------------
     0 | D:1      | Curundu the Minotaur Berserker began the quest for the Orb.
     0 | D:1      | Reached XP level 1. HP: 19/19 MP: 0/0
   116 | D:1      | Reached skill level 4 in Axes
   116 | D:1      | Reached XP level 2. HP: 20/27 MP: 1/1
   505 | D:1      | Found Zuagh's Book Emporium.
   682 | D:2      | Noticed Sigmund
   695 | D:2      | Killed Sigmund
   696 | D:2      | Reached skill level 5 in Fighting
   696 | D:2      | Reached skill level 5 in Axes
   696 | D:2      | Reached XP level 3. HP: 21/36 MP: 2/2
   696 | D:2      | Reached XP level 4. HP: 24/42 MP: 3/3
   696 | D:2      | Reached XP level 5. HP: 28/48 MP: 4/4
   953 | D:2      | Noticed Terence
   967 | D:2      | Killed Terence
  1071 | D:2      | Reached ** piety under Trog
  1149 | D:2      | Found a transporter.
  1151 | D:2      | Found Xiarghaic's Book Boutique.
  1237 | D:2      | Found a transporter.
  1440 | D:3      | Reached skill level 6 in Axes
  1620 | D:3      | Reached XP level 6. HP: 52/56 MP: 5/5
  1976 | D:3      | Found a faded altar of an unknown god.
  2324 | D:4      | Noticed Robin
  2331 | D:4      | Killed Robin
  2337 | D:4      | Reached skill level 1 in Stealth
  2521 | D:4      | Reached *** piety under Trog
  2522 | D:4      | Reached skill level 7 in Axes
  2522 | D:4      | Reached XP level 7. HP: 50/62 MP: 6/6
  3198 | D:5      | Entered Level 5 of the Dungeon
  3304 | D:5      | Reached skill level 8 in Axes
  3386 | D:5      | Noticed a two-headed ogre
  3395 | D:5      | Slain by a two-headed ogre

Illustrated notes

Levels and vault maps discovered:
D:1:      scummos_arrival_gate, layout_rooms, serial_shops,
          nicolae_shop_real_fake_doors, minmay_misc_feat_nine_boxes
D:2:      layout_basic, serial_shops, nicolae_shop_drivethru, uniq_terence,
          uniq_sigmund
D:3:      layout_rooms, shapermc_ecumenical_altar_acropolis,
          serial_bayou_pond_b, minivault_11, kennysheep_generic_room_16
D:4:      cheibrodos_quashed, layout_basic, uniq_robin
D:5:      layout_basic

Skill      XL: |  1  2  3  4  5  6  7 |
---------------+----------------------+-----
Axes           | 4 5 6 7 8 |  8.1
Fighting       | 5 6 |  6.0
Armour         | 3 4 |  4.5
Dodging        | 3 4 |  4.4
Stealth        | 1 |  1.0

Action                     |  1- 3 |  4- 6 |  7- 9 || total
---------------------------+-------+-------+-------++-------
  Melee: Hand axe          |    42 |    74 |       ||   116
         Headbutt          |     6 |    25 |     7 ||    38
         War axe           |       |    61 |    45 ||   106
         Punch             |       |       |     2 ||     2
 Invoke: Berserk           |     1 |       |       ||     1
         Trog's Hand       |       |       |     1 ||     1
   Stab: Sleeping          |       |     1 |       ||     1
 Armour: Animal skin       |    24 |    39 |       ||    63
         Chain mail        |       |    37 |    33 ||    70
         Scale mail        |       |    16 |       ||    16
  Dodge: Dodged            |    28 |    80 |    25 ||   133
